 Dungeon Crawl Stone Soup version 0.31.0-11-ge490571c62 (webtiles) character file.

Game seed: 1255614093705296972

2063 Gadfly the Insei (level 9, -6/68 HPs)
             Began as a Merfolk Monk on Jan 29, 2024.
             Was an Initiate of Ru.
             Mangled by a troll (8 damage)
             ... on level 7 of the Dungeon.
             The game lasted 00:09:24 (6558 turns).

Gadfly the Insei (Merfolk Monk)                     Turns: 6558, Time: 00:09:24

Health: -6/68      AC:  7    Str: 20    XL:     9   Next: 25%
Magic:  9/9        EV: 19    Int:  4    God:    Ru [......]
Gold:   153        SH:  0    Dex: 17    Spells: 8/8 levels left

rFire   . . .        b - +7 mace of the Unseen Realm {freeze, Str+5 Int-5 SInv}
rCold   . . .        c - orb {light}
rNeg    + . .        j - +1 robe {rN+}
rPois   .            (no helmet)
rElec   .            o - +0 cloak
rCorr   .            y - +0 pair of gloves
SInv    +            k - +2 pair of slick slippers {slick, slippery, EV+4}
Will    +....        z - amulet of faith Stlth
                     n - ring of flight
HPRegen 0.31/turn    (no ring)
MPRegen 0.11/turn

%: faith
@: enlightened, flying, glowing
A: no stealth, (nimble swimmer 2), mertail
a: Renounce Religion


You were on level 7 of the Dungeon.
You worshipped Ru.
Ru was noncommittal.
You visited 2 branches of the dungeon, and saw 8 of its levels.

You collected 373 gold pieces.
You spent 220 gold pieces at shops.

Inventory:

Hand Weapons
 b - the +7 mace of the Unseen Realm (weapon) {freeze, Str+5 Int-5 SInv}
   (You found it on level 2 of the Dungeon)

   Str+5:     It affects your strength (+5).
   Int-5:     It affects your intelligence (-5).
   SInv:      It lets you see invisible.
 m - a +1 dagger of flaming
Armour
 c - an orb of light (worn)
 j - a +1 robe of positive energy (worn)
 k - the +2 pair of slick slippers (worn) {slick, slippery, EV+4}
   (You found it on level 2 of the Dungeon)

   Slick:     Its wearer cannot be constricted, engulfed, netted or webbed.
   Slippery:  Its wearer slips away from damaging melee attacks, pulling the
   attacker onward.
   EV+4:      It affects your evasion (+4).
 l - a +2 leather armour of fire resistance
 o - a +0 cloak (worn)
 y - a +0 pair of gloves (worn)
Jewellery
 n - a ring of flight (left hand)
 r - an amulet of reflection
 z - an amulet of faith (around neck)
Talismans
 u - a beast talisman
 C - a serpent talisman
Wands
 h - a wand of flame (19) (quivered)
 v - a wand of iceblast (22)
Scrolls
 d - a scroll of enchant armour
 q - a scroll of teleportation
 s - a scroll of revelation
 t - 2 scrolls of blinking
 x - a scroll of fear
 B - 2 scrolls of identify
Potions
 a - 2 potions of ambrosia
 e - 2 potions of mutation
 f - 2 potions of heal wounds
 i - a potion of attraction
 p - a potion of curing
 w - 2 potions of lignification
 A - a potion of berserk rage


   Skills:
 + Level 5.6 Fighting
 + Level 6.7 Dodging
 * Level 7.4 Unarmed Combat
 * Level 5.6 Evocations
 * Level 7.0 Shapeshifting


You had 8 spell levels left.
You didn't know any spells.
Your spell library contained the following spells:

 Spells                   Type           Power      Damage    Failure   Level
 Ensorcelled Hibernation  Hex/Ice        0%         N/A       65%         2
 Passwall                 Erth           0%         N/A       86%         3
 Swiftness                Air            0%         N/A       86%         3


Dungeon Overview and Level Annotations

Branches:
Dungeon (7/15)             Temple (1/1) D:7

Altars:
Ashenzari
Cheibriados
Dithmenos
Elyvilon
Fedhas
Gozag
Hepliaklqana
Kikubaaqudgha
Qazlal
Ru
Sif Muna
Trog
Uskayaw
Wu Jian
Yredelemnul
The Shining One

Shops:
D:2 :   D:4 =(=(

Annotations:
D:6 2 transporters, stipulation's ghost, novice VSNe


Innate Abilities, Weirdness & Mutations

You cannot be stealthy.
((You are very nimble when in or above water. (Stealth+, EV+, Speed+++)))
Your lower body shifts to a powerful aquatic tail in water.


Message History

You are too injured to fight recklessly!
You are too injured to fight recklessly!
You are too injured to fight recklessly!
You are too injured to fight recklessly!
You are too injured to fight recklessly!
You are too injured to fight recklessly!
You are too injured to fight recklessly!
You are too injured to fight recklessly!
You are too injured to fight recklessly!
You are too injured to fight recklessly!
You are too injured to fight recklessly!
You are too injured to fight recklessly!
You are too injured to fight recklessly!
You are too injured to fight recklessly!
You are too injured to fight recklessly!
You are too injured to fight recklessly!
You are too injured to fight recklessly!
You are too injured to fight recklessly!
Unknown command.
You sock the troll! You freeze the troll.
The troll is heavily wounded.
The troll misses you. The troll claws you. The troll misses you.
You hit the troll but do no damage.
The troll is heavily wounded.
The troll bites you. The troll claws you.
* * * LOW HITPOINT WARNING * * *
The troll claws you.
* * * LOW HITPOINT WARNING * * *
Unknown command.
You sock the troll! You freeze the troll.
The troll is almost dead.
The troll bites you but does no damage. The troll completely misses you.
The troll closely misses you. The troll bites you!
* * * LOW HITPOINT WARNING * * *
The troll completely misses you. The troll misses you.
You feel more buoyant. The troll bites you.
* * * LOW HITPOINT WARNING * * *
The troll claws you!
You die...

## ## ## #. #.. ..
.. #. #.# .. ## #.
#.# .# #### ##.
#.##.# .... ..
#.#..# ## #.##.#.# #
#.##.T.#
#############...@###
...............#.#
#..########.##.#!#
......†.#......#.#
...........###.#.#
###............#.#
...............#.#
#######>.......#.#
########.#..


You could see a troll.

Vanquished Creatures
  Grinder (D:3)
  A water moccasin (D:5)
  Pargi (D:2)
  2 ice beasts
  A sky beast (D:6)
  2 ogres
  A centaur (D:3)
  2 phantoms
  A kobold brigand (D:6)
  3 scorpions
  2 bombardier beetles
  A hound (D:5)
  A gnoll bouda (D:4)
  A jelly (D:6)
  2 orc priests (D:4)
  4 iguanas
  4 orc wizards
  A sleepcap (D:4)
  Ijyb (D:3)
  7 adders
  5 gnolls
  A shadow imp (D:7)
  3 white imps
  3 ribbon worms
  9 dart slugs
  18 orcs
  6 ball pythons
  9 bats
  10 endoplasms
  2 giant cockroaches
  8 goblins
  10 hobgoblins
  10 jackals
  8 kobolds
  4 quokkas
  5 rats
150 creatures vanquished.

Notes
Turn   | Place    | Note
-------+----------+-------------------------------------------
     0 | D:1      | Gadfly the Merfolk Monk began the quest for the Orb.
     0 | D:1      | Reached XP level 1. HP: 18/18 MP: 1/1
   163 | D:1      | Reached XP level 2. HP: 20/24 MP: 2/2
   169 | D:1      | Reached skill level 1 in Shapeshifting
   587 | D:1      | Reached skill level 1 in Evocations
   750 | D:2      | Reached XP level 3. HP: 29/29 MP: 3/3
  1213 | D:2      | Found the +2 pair of slick slippers {slick, slippery, EV+4}
  1225 | D:2      | Reached XP level 4. HP: 31/35 MP: 4/4
  1234 | D:2      | Found Sepsex's Book Shop.
  1318 | D:2      | Identified the +7 mace of the Unseen Realm {freeze, Str+5
                  | Int-5 SInv}
  1614 | D:2      | Identified the +6 mace "Ujy Bese" {flame, rPois rCorr Str+3
                  | Dex+2}
  1983 | D:3      | Noticed Ijyb
  2075 | D:3      | Noticed Pargi
  2082 | D:2      | Killed Pargi
  2083 | D:2      | Reached XP level 5. HP: 27/42 MP: 5/5
  2144 | D:3      | Killed Ijyb
  2575 | D:3      | Reached XP level 6. HP: 48/48 MP: 6/6
  3037 | D:3      | Noticed Grinder
  3047 | D:3      | Paralysed by Grinder for 3 turns
  3054 | D:3      | Killed Grinder
  3055 | D:3      | Reached skill level 5 in Dodging
  3055 | D:3      | Reached skill level 5 in Unarmed Combat
  3055 | D:3      | Reached XP level 7. HP: 48/54 MP: 7/7
  3444 | D:4      | Found a glowing golden altar of the Shining One.
  3634 | D:4      | Found Vih Uraygo's Antique Weapon Shop.
  3808 | D:4      | Found a sacrificial altar of Ru.
  3822 | D:4      | Became a worshipper of Ru the Awakened
  3961 | D:4      | Found Nuog's Jewellery Shoppe.
  3963 | D:4      | Bought a beast talisman for 220 gold pieces
  3972 | D:4      | Found Udubucs's Antique Weapon Shoppe.
  4173 | D:4      | Found Fios's Jewellery Shoppe.
  4515 | D:5      | Entered Level 5 of the Dungeon
  4664 | D:5      | Reached skill level 5 in Shapeshifting
  4664 | D:5      | Reached XP level 8. HP: 24/61 MP: 8/8
  5069 | D:5      | Found a basalt altar of Yredelemnul.
  5081 | D:5      | Found a broken altar of Ashenzari.
  5265 | D:5      | Found a stormy altar of Qazlal.
  5347 | D:6      | Reached skill level 5 in Fighting
  5381 | D:6      | Found a transporter.
  5392 | D:6      | Found a transporter.
  5443 | D:6      | Reached skill level 5 in Evocations
  5484 | D:6      | Noticed stipulation's ghost (novice VSNe)
  5484 | D:6      | Identified the +8 dire flail of Valour {drain, rElec Str+3}
  5484 | D:6      | Identified the +6 great mace "Ighiafe" {heavy, rPois rF+++
                  | Stlth-}
  5484 | D:6      | Noticed a two-headed ogre
  5706 | D:6      | Reached XP level 9. HP: 67/68 MP: 9/9
  6137 | D:7      | Gained mutation: You cannot be stealthy. [Ru sacrifice]
  6334 | D:7      | Found a staircase to the Ecumenical Temple.
  6344 | Temple   | Entered the Ecumenical Temple
  6550 | D:7      | Noticed a troll
  6558 | D:7      | HP: 2/68 [troll (3)]
  6558 | D:7      | Mangled by a troll

Illustrated notes

Levels and vault maps discovered:
D:1:      shiori_arrival_whats_in_store_for_you, layout_basic
D:2:      layout_loops_ring, serial_rivers, chequers_serial_rivers_micro_b,
          chequers_serial_rivers_micro_e, chequers_serial_rivers_small_b,
          chequers_serial_rivers_micro_b, chequers_serial_rivers_micro_b,
          serial_shops, nicolae_shop_statue_plus, kennysheep_potato
D:3:      minmay_razor_zed, layout_basic, uniq_grinder, uniq_ijyb, uniq_pargi
D:4:      layout_basic, mainiacjoe_overflow_paths,
          mainiacjoe_overflow_small_starburst, serial_shops,
          nicolae_shop_gaudy_bauble, nicolae_shop_hallway_plus, shop_statue,
          shop
D:5:      layout_cave_pools, marbit_many_paths, amethyst_overflow_temple_binary
D:6:      layout_layer_cave, gammafunk_ghost_smash,
          chequers_serial_rivers_micro_d
D:7:      layout_basic, grunt_temple_overflow_champion_of_chaos,
          general_overflow_altar, minmay_temple_entry_statues_pillars
Temple:   chequers_temple_sunken

Skill      XL: |  1  2  3  4  5  6  7  8  9 |
---------------+----------------------------+-----
Shapeshifting  | 1 2 3 4 5 6 7 |  7.0
Evocations     | 1 2 3 4 5 |  5.6
Unarmed Combat | 4 5 7 |  7.4
Fighting       | 4 5 |  5.6
Dodging        | 5 6 |  6.7

Action                     |  1- 3 |  4- 6 |  7- 9 || total
---------------------------+-------+-------+-------++-------
  Melee: Unarmed           |   112 |     7 |       ||   119
         Mace              |       |    71 |   187 ||   258
         Tailslap          |       |     2 |       ||     2
 Invoke: Reject Sacrifices |       |       |     1 ||     1
         Sacrifice Stealth |       |       |     1 ||     1
Ability: Begin Untransform |       |       |     1 ||     1
    Use: Scroll            |     5 |     7 |     7 ||    19
         Potion            |       |       |     1 ||     1
 Armour: Robe              |    52 |    35 |    83 ||   170
         Leather armour    |       |       |     2 ||     2
  Dodge: Dodged            |   101 |    86 |   186 ||   373
   Form: Beast             |       |       |     1 ||     1
